Match 34187960
Unlisted

Match 34187960
End
Engineer Squad
Construct Barracks
Selects Advanced Infantry Battlegroup
Selects Advanced Infantry Battlegroup
Riflemen Squad
Riflemen Squad
Riflemen Squad
Grenade Package
Selects Convert to Ranger Squad
Construct Medical Station
Infantry Support Center
M1 Mortar Team
M1918 Browning Automatic Rifles
Riflemen Squad
Construct Motor Pool
M8 Greyhound Armored Car
Selects Frontline Medical Station
M1 Anti-tank Gun Team
Advanced Logistics
Selects Infantry Assault
Construct Tank Depot
Infantry Assault
M18 Hellcat Tank Destroyer
M4(105) Sherman Bulldozer
Infantry Assault
Riflemen Squad
RG
Goodvyn
0
0

Comments sign in to comment!

No comments posted yet!